 Dungeon Crawl Stone Soup version 0.30-a0-920-g7493c07aab (webtiles) character file.

Game seed: 16372833131595172456

62470 cforsyth the Protected (level 15, -7/125 HPs)
             Began as a Human Fighter on Mar 21, 2023.
             Was the Champion of Okawaru.
             Killed by divine providence
             ... invoked by a meliai
              (13 damage)
             ... on level 14 of the Dungeon.
             The game lasted 00:38:46 (30684 turns).

cforsyth the Protected (Human Fighter)             Turns: 30684, Time: 00:38:46

Health: -7/125     AC: 25    Str: 23    XL:     15   Next: 46%
Magic:  18/18      EV:  8    Int:  9    God:    Okawaru [******]
Gold:   1436       SH:  7    Dex: 13    Spells: 14/14 levels left

rFire   x . .      SeeInvis .    r - +3 demon whip (elec)
rCold   + . .      Faith    .    c - +0 buckler
rNeg    + . .      Spirit   .    e - +0 shadow dragon scales
rPois   .          Reflect  .    (no helmet)
rElec   .          Rampage  .    p - +2 cloak {rCorr}
rCorr   +                        y - +0 pair of gloves of Qeoc {rN+ Slay+3}
Will    +....                    q - +1 pair of boots
Stlth   ++                       (no amulet)
HPRegen 0.40/turn                S - +4 ring of slaying
MPRegen 0.16/turn                F - ring of ice

@: about to teleport
A: no striking features
a: Renounce Religion, Heroism, Finesse, Duel


You were on level 14 of the Dungeon.
You worshipped Okawaru.
Okawaru was exalted by your worship.
You visited 3 branches of the dungeon, and saw 20 of its levels.

You collected 1436 gold pieces.

Inventory:

Hand Weapons
 a - a +2 heavy flail
 r - a +3 demon whip of electrocution (weapon)
 O - the +1 whip "Hydraslayer" {freeze, rElec Int+5}
   (You found it on level 7 of the Dungeon)

   Int:       It affects your intelligence (+5).
   rElec:     It insulates you from electricity.
Missiles
 E - 4 throwing nets (quivered)
Armour
 c - a +0 buckler (worn)
 e - +0 shadow dragon scales (worn)
 p - a +2 cloak of preservation (worn)
 q - a +1 pair of boots (worn)
 v - a +2 pair of gloves
 y - the +0 pair of gloves of Qeoc (worn) {rN+ Slay+3}
   (You found it on level 4 of the Dungeon)

   Slay:      It affects your accuracy & damage with ranged weapons and melee
   (+3).
   rN:        It protects you from negative energy.
 N - a +0 plate armour
Jewellery
 f - a +6 ring of dexterity
 i - a ring of magical power
 o - a ring of ice
 s - a +6 ring of strength
 w - a +6 ring of intelligence
 B - a ring of see invisible
 C - an amulet of faith
 F - a ring of ice (right hand)
 S - a +4 ring of slaying (left hand)
Wands
 d - a wand of mindburst (7)
 m - a wand of polymorph (23)
 t - a wand of paralysis (11)
 x - a wand of roots (8)
 R - a wand of digging (5)
 U - a wand of flame (14)
Scrolls
 b - a scroll of brand weapon
 g - 3 scrolls of vulnerability
 l - 2 scrolls of teleportation
 n - 3 scrolls of enchant armour
 u - 4 scrolls of poison
 K - a scroll of blinking
 L - 2 scrolls of torment
 M - 2 scrolls of fear
 Q - 2 scrolls of fog
 V - 8 scrolls of identify
Potions
 h - 2 potions of attraction
 j - 6 potions of mutation
 k - 3 potions of flight
 z - 3 potions of curing
 A - 5 potions of lignification
 D - 4 potions of haste
 G - 4 potions of invisibility
 I - a potion of cancellation
 P - 2 potions of berserk rage
 T - a potion of heal wounds


   Skills:
 + Level 13.8 Fighting
 - Level 12.0 Maces & Flails
 + Level 13.8 Armour
 + Level 13.8 Shields
 - Level 5.0 Invocations


You had 14 spell levels left.
You didn't know any spells.
Your spell library contained the following spells:

 Spells                   Type           Power      Damage    Failure   Level
 Apportation              Tloc           0%         N/A       92%         1
 Slow                     Hex            0%         N/A       92%         1
 Ensorcelled Hibernation  Hex/Ice        0%         N/A       98%         2
 Lesser Beckoning         Tloc           0%         N/A       98%         2
 Confusing Touch          Hex            0%         N/A       100%        3
 Dazzling Flash           Conj/Hex       0%         N/A       100%        3
 Gell's Gravitas          Tloc           0%         N/A       100%        3
 Kindle Blastsparks       Fire/Tloc/Air  0%         2d10      100%        3
 Ozocubu's Armour         Ice            0%         N/A       100%        3
 Spider Form              Tmut/Pois      0%         N/A       100%        3
 Teleport Other           Tloc           0%         N/A       100%        3
 Vampiric Draining        Necr           0%         2d6       100%        3
 Vhi's Electric Charge    Tloc/Air       0%         N/A       100%        3
 Anguish                  Hex/Necr       0%         N/A       100%        4
 Fulminant Prism          Conj/Hex       0%         3d5       100%        4
 Iskenderun's Mystic Bla  Conj/Tloc      0%         2d3       100%        4
 Alistair's Intoxication  Tmut/Pois      0%         N/A       100%        5
 Arcjolt                  Conj/Air       0%         1d10      100%        5
 Freezing Cloud           Conj/Ice/Air   0%         6-21      100%        5
 Lee's Rapid Deconstruct  Erth           0%         3d4*      100%        5
 Conjure Ball Lightning   Conj/Air       0%         3x3d6     100%        6
 Starburst                Conj/Fire      0%         6d3       100%        6
 Enfeeble                 Hex            0%         N/A       100%        7
 Ozocubu's Refrigeration  Ice            0%         4d7       100%        7
 Discord                  Hex            0%         N/A       100%        8
 Disjunction              Tloc           0%         N/A       100%        8
 Maxwell's Capacitive Co  Air            0%         ∞         100%        8
 Polar Vortex             Ice            0%         N/A       100%        9
 Simulacrum               Ice/Necr       Unusable   N/A       N/A         6

Dungeon Overview and Level Annotations

Branches:
Dungeon (15/15)            Temple (1/1) D:5            Lair (5/5) D:8
  Swamp (0/4) Lair:2       Spider (0/4) Lair:3        Slime (0/5) Lair:5
    Orc (0/2) D:10         Depths (0/4) D:15
 Vaults: D:13-14

Altars:
Ashenzari
Cheibriados
Dithmenos
Elyvilon
Gozag
Hepliaklqana
Makhleb
Nemelex Xobeh
Okawaru
Qazlal
Ru
Sif Muna
Trog
Uskayaw
Vehumet
Wu Jian
Xom
Yredelemnul
The Shining One

Shops:
D:7 (   D:8 (   D:10 *[

Annotations:
D:8 4 runed translucent doors
Lair:1 3 runed translucent doors, billz999's ghost, journeyman GnHu
Lair:3 3 runed translucent doors, sirJeffrey23's ghost, journeyman DsMo
Lair:5 3 runed translucent doors, bronco's ghost, journeyman DjVM; jasper's ghost, journeyman HOGl


Message History

The meliai invokes the aid of its god against you.
Something smites you!
* * * LOW HITPOINT WARNING * * *
The meliai invokes the aid of its god against you.
Something smites you!
* * * LOW HITPOINT WARNING * * *
As you read the scroll of teleportation, it crumbles to dust.
You feel strangely unstable.
You feel much better.
You barely miss the meliai.
The meliai hits you with a +2 falchion of flaming!
* * * LOW HITPOINT WARNING * * *
The meliai burns you.
* * * LOW HITPOINT WARNING * * *
You block the meliai's attack.
You whack the meliai!
The meliai is heavily wounded.
Your surroundings seem slightly different.
Okay, then.
Press: ? - help, v - describe, . - travel
Here: a harpy simulacrum The floor.
Unknown command.
As you read the scroll of teleportation, it crumbles to dust.
You feel strangely unstable.
The harpy simulacrum claws you but does no damage.
You block the harpy simulacrum's attack. x3
The meliai hits you but does no damage.
The meliai stings you but does no damage.
The harpy simulacrum claws you but does no damage. x2
The meliai hits you with a +0 mace.
* * * LOW HITPOINT WARNING * * *
The meliai stings you.
* * * LOW HITPOINT WARNING * * *
The meliai mumbles some strange prayers to its god against you.
Something smites you!
* * * LOW HITPOINT WARNING * * *
The meliai invokes the aid of its god against you.
Something smites you!
You die...

#.....##.......##.....
........#.#.#........
+#.#...#.#.#...#.#.#...#
..#.#.#...........#.#.
###.......##.....##...
#.....#...............
##....#....#Z###.#....
#.....#......y........
#####.......##..@..##..
......#.#.#...........#
....#.#...#.#.#...#.#.#
..<...........#.#.# ...
....##.....##..[.... #..
................#... .
.....#.###.#....#....
................#....
#############.......##


You could see a meliai and a harpy simulacrum.

Vanquished Creatures
  3 dire elephants (Lair:5)
  5 hydras
  2 boulder beetles
  6 two-headed ogres
  2 tengu warriors
  A centaur warrior (D:8)
  8 death yaks
  3 skysharks
  A fire crab (Lair:3)
  A spectral anaconda (Lair:5)
  An obsidian statue (Lair:5)
  4 necromancers (Lair:5)
  11 ugly things
  An orc knight (D:15)
  2 deep elf pyromancers
  A manticore (D:14)
  2 oklob plants (Lair:5)
  An orc sorcerer (D:15)
  A cyclops (D:15)
  10 elephants (Lair:5)
  4 black mambas
  Maggie (D:7)
  2 dire elephant skeletons (Lair:5)
  Psyche (D:9)
  A torpor snail (Lair:1)
  3 gargoyles
  10 cane toads
  3 rime drakes
  8 komodo dragons
  2 trolls
  A tengu conjurer (D:15)
  3 polar bears
  7 dream sheep
  8 blink frogs
  3 spectral elephants (Lair:5)
  A slime creature (D:8)
  Sigmund (D:6)
  7 wyverns
  A wraith (D:9)
  A vampire (D:11)
  51 yaks
  3 steam dragons
  A vampire mosquito (D:8)
  A death yak simulacrum (Lair:5)
  2 acid dragons (D:8)
  8 water moccasins
  2 black bears
  7 orc warriors
  A sky beast (D:7)
  An elephant zombie (Lair:5)
  9 boggarts
  5 centaurs
  17 wolves
  An ogre (D:5)
  An elephant skeleton (Lair:5)
  A phantom (D:4)
  9 bullfrogs
  4 gnoll sergeants
  A cane toad simulacrum (Lair:5)
  2 scorpions (Lair:3)
  4 wights (D:8)
  3 electric eels
  3 howler monkeys
  5 orc priests
  A sleepcap (D:5)
  Jessica (D:2)
  Natasha (thrice) (D:3)
  A human skeleton (D:4)
  An iguana (D:5)
  2 gnoll boudas
  10 orc wizards
  8 hell rats
  30 gnolls
  5 adders
  2 shadow imps
  2 white imps
  An ufetubus (D:4)
  5 worms
  29 orcs
  5 endoplasms
  5 giant cockroaches
  6 goblins
  7 hobgoblins
  3 jackals (D:2)
  6 kobolds
  A quokka (D:4)
  7 ball pythons
  2 bats
  A frilled lizard (D:3)
  A jackal skeleton (D:4)
  A jackal zombie (D:4)
  2 rats (D:1)
424 creatures vanquished.

Vanquished Creatures (others)
  A giant cockroach (D:4)
  23 fungi
  55 plants
  15 toadstools
  29 withered plants (Lair:5)
123 creatures vanquished.

Grand Total: 547 creatures vanquished

Notes
Turn   | Place    | Note
-------+----------+-------------------------------------------
     0 | D:1      | cforsyth the Human Fighter began the quest for the Orb.
     0 | D:1      | Reached XP level 1. HP: 18/18 MP: 1/1
   301 | D:1      | Reached XP level 2. HP: 19/24 MP: 2/2
   695 | D:2      | Found a faded altar of an unknown god.
   713 | D:2      | Reached XP level 3. HP: 27/29 MP: 3/3
   854 | D:2      | Noticed Jessica
   865 | D:2      | Killed Jessica
   866 | D:2      | Reached XP level 4. HP: 16/35 MP: 4/4
  1647 | D:3      | Noticed Natasha
  1660 | D:3      | Killed Natasha
  2324 | D:3      | Reached XP level 5. HP: 38/42 MP: 5/5
  2837 | D:3      | Noticed Natasha
  3050 | D:3      | Killed Natasha
  3414 | D:3      | Noticed Natasha
  3427 | D:3      | Killed Natasha
  4337 | D:4      | Reached XP level 6. HP: 48/48 MP: 6/6
  4414 | D:4      | Found a runed translucent door.
  4414 | D:4      | Identified the +0 pair of gloves of Qeoc {rN+ Slay+3}
  4414 | D:4      | Noticed a human
  4429 | D:4      | Found a basalt altar of Yredelemnul.
  4450 | D:4      | Found a hazy altar of Hepliaklqana.
  5405 | D:4      | Found a hide-covered altar of Uskayaw.
  5406 | D:4      | Found an opulent altar of Gozag.
  5583 | D:5      | Entered Level 5 of the Dungeon
  5684 | D:5      | Found a sparkling altar of Nemelex Xobeh.
  5798 | D:5      | Noticed an ogre
  5888 | D:5      | Reached XP level 7. HP: 46/55 MP: 7/7
  6179 | D:5      | Found a shimmering altar of Xom.
  6373 | D:5      | Found a staircase to the Ecumenical Temple.
  7026 | D:5      | Reached skill level 5 in Fighting
  7026 | D:5      | Reached skill level 5 in Armour
  7026 | D:5      | Reached skill level 5 in Shields
  7046 | D:6      | Reached XP level 8. HP: 39/62 MP: 8/8
  7124 | D:6      | Noticed Sigmund
  7150 | D:6      | Killed Sigmund
  7216 | D:6      | Found a radiant altar of Vehumet.
  7275 | D:6      | Found a burning altar of Makhleb.
  7317 | D:6      | Found a snail-covered altar of Cheibriados.
  7371 | D:6      | Reached skill level 5 in Maces & Flails
  7990 | D:7      | Noticed Maggie
  8002 | D:7      | HP: 1/64 [Maggie/bolt of fire (10)]
  8008 | D:7      | Killed Maggie
  8009 | D:7      | Reached XP level 9. HP: 43/69 MP: 9/9
  8776 | D:7      | Found a glowing golden altar of the Shining One.
  8908 | Temple   | Entered the Ecumenical Temple
  9022 | Temple   | Became a worshipper of Warmaster Okawaru
  9288 | D:7      | Found Toipul's Antique Weapon Shop.
  9873 | D:7      | Identified the +1 whip "Hydraslayer" {freeze, rElec Int+5}
 10514 | D:8      | Noticed a two-headed ogre
 10579 | D:8      | Noticed a two-headed ogre
 10589 | D:8      | Killed a two-headed ogre
 10589 | D:8      | Reached * piety under Okawaru
 10590 | D:8      | Reached XP level 10. HP: 9/79 MP: 10/10
 10745 | D:8      | Found a staircase to the Lair.
 10775 | D:8      | Killed a two-headed ogre
 10775 | D:8      | Reached ** piety under Okawaru
 10780 | D:8      | Found a runed translucent door.
 10780 | D:8      | Noticed a manticore
 10782 | D:8      | Found a runed translucent door.
 10782 | D:8      | Noticed a boulder beetle
 10783 | D:8      | Found a runed translucent door.
 11408 | D:8      | Found a white marble altar of Elyvilon.
 11662 | D:8      | Found Vixkomp's Weapon Emporium.
 11902 | D:8      | Noticed a boulder beetle
 12363 | D:7      | Reached *** piety under Okawaru
 12674 | D:8      | Noticed a centaur warrior
 12674 | D:8      | Noticed a centaur warrior
 12678 | D:8      | Found a runed translucent door.
 12697 | D:8      | Noticed a centaur warrior
 12697 | D:8      | Noticed a tengu warrior
 12708 | D:8      | HP: 1/80 [centaur warrior/arrow (9)]
 13366 | D:8      | Killed a centaur warrior
 13488 | D:8      | Killed a boulder beetle
 13489 | D:8      | Reached XP level 11. HP: 46/87 MP: 11/11
 13625 | D:8      | Reached **** piety under Okawaru
 13876 | D:8      | Killed a tengu warrior
 13877 | D:8      | Reached skill level 1 in Invocations
 14172 | D:8      | Found the +3 giant club "Skullcrusher" {speed, Str+7}
 14189 | D:8      | Identified the +2 halberd of War {freeze, rCorr}
 14260 | D:9      | Noticed Psyche
 14276 | D:9      | Killed Psyche
 15194 | D:9      | Noticed a two-headed ogre
 15235 | D:9      | Killed a two-headed ogre
 15327 | D:10     | Entered Level 10 of the Dungeon
 15592 | D:10     | Noticed a two-headed ogre
 15598 | D:10     | Reached ***** piety under Okawaru
 15822 | Lair:1   | Entered Level 1 of the Lair of Beasts
 16559 | Lair:1   | Reached XP level 12. HP: 66/96 MP: 14/14
 16724 | Lair:1   | Noticed billz999's ghost (journeyman GnHu)
 16774 | Lair:1   | HP: 6/144 [cane toad (17)]
 17102 | Lair:1   | Found a runed translucent gate.
 17102 | Lair:1   | Found a runed translucent gate.
 17102 | Lair:1   | Found a runed translucent gate.
 18029 | Lair:2   | Received a gift from Okawaru
 18107 | Lair:2   | Reached skill level 5 in Invocations
 18144 | Lair:2   | Reached skill level 10 in Armour
 18185 | Lair:2   | Reached skill level 10 in Shields
 18226 | Lair:2   | Found a staircase to the Swamp.
 18248 | Lair:2   | Reached skill level 10 in Fighting
 19113 | Lair:2   | Reached skill level 10 in Maces & Flails
 19523 | Lair:3   | Noticed a boulder beetle
 19524 | Lair:3   | Found a hole to the Spider Nest.
 19558 | Lair:3   | Killed a boulder beetle
 19614 | Lair:3   | Noticed a fire crab
 19641 | Lair:2   | Reached ****** piety under Okawaru
 20366 | Lair:3   | Killed a fire crab
 20553 | Lair:3   | Reached XP level 13. HP: 83/104 MP: 16/16
 20566 | Lair:3   | Found a large runed translucent door.
 20566 | Lair:3   | Found a large runed translucent door.
 20566 | Lair:3   | Noticed a seven-headed hydra
 20580 | Lair:3   | Killed a seven-headed hydra
 20590 | Lair:3   | Received a gift from Okawaru
 20664 | Lair:3   | Noticed sirJeffrey23's ghost (journeyman DsMo)
 20970 | Lair:3   | Noticed a dire elephant
 20990 | Lair:3   | Found a runed translucent door.
 21574 | Lair:4   | Noticed a four-headed hydra
 21584 | Lair:4   | Killed a four-headed hydra
 21661 | Lair:4   | Noticed a five-headed hydra
 21669 | Lair:4   | Killed a five-headed hydra
 21751 | Lair:4   | Identified the +0 robe "Jeteen" {Int+3 Dex+3} (Okawaru
                  | gifted it to you on level 4 of the Lair of Beasts)
 21751 | Lair:4   | Received a gift from Okawaru
 21822 | Lair:4   | Noticed a four-headed hydra
 21830 | Lair:4   | Killed a four-headed hydra
 22940 | Lair:5   | Entered Level 5 of the Lair of Beasts
 23588 | Lair:5   | Reached XP level 14. HP: 95/114 MP: 17/17
 23728 | Lair:5   | Found a runed translucent gate.
 23729 | Lair:5   | Found a runed translucent gate.
 23730 | Lair:5   | Found a runed translucent gate.
 23731 | Lair:5   | Noticed jasper's ghost (journeyman HOGl)
 23731 | Lair:5   | Noticed bronco's ghost (journeyman DjVM)
 24561 | Lair:5   | Noticed a dire elephant
 24561 | Lair:5   | Noticed a dire elephant
 24583 | Lair:5   | Killed a dire elephant
 24628 | Lair:5   | Received a gift from Okawaru
 25066 | Lair:5   | Found a staircase to the Slime Pits.
 25315 | Lair:5   | Noticed a dire elephant
 25555 | Lair:5   | Killed a dire elephant
 25660 | Lair:5   | Killed a dire elephant
 26469 | Lair:5   | Received a gift from Okawaru
 26930 | D:10     | Reached XP level 15. HP: 112/123 MP: 18/18
 27191 | D:10     | Found a staircase to the Orcish Mines.
 27193 | D:10     | Found Toqydwel's Armour Shop.
 27262 | D:10     | Found Byex's Fire Supplies.
 28095 | D:11     | Found a snail-covered altar of Cheibriados.
 28595 | D:12     | You fall into a shaft and drop 3 floors!
 28595 | D:15     | Entered Level 15 of the Dungeon
 29691 | D:15     | Identified the +1 robe of Divine Intervention {rN+ MP-9
                  | SInv}
 30684 | D:14     | HP: 6/125 [meliai/divine providence (16)]
 30684 | D:14     | Killed from afar by a meliai

Illustrated notes

Levels and vault maps discovered:
D:1:      doesnt_arrival_eight_statues, layout_basic
D:2:      layout_basic, hellmonk_ecumenical_altar_dog_temple, amethyst_killhole,
          minmay_gold_behind_fungi, uniq_jessica
D:3:      layout_basic, chequers_big_river, kennysheep_generic_room_12,
          uniq_natasha
D:4:      layout_basic, nicolae_hepliaklqana_hazy_memory,
          gammafunk_temple_overflow_pools, dk_yredelemnul_ordeal,
          minmay_goblin_kobold_house
D:5:      layout_loops_ring, nicolae_overflow_crystal_walls,
          amcnicky_altar_gilded, minmay_temple_entry_poolview
D:6:      layout_loops_ring, vehumet_crystals, jmf_multi_god_temple,
          uniq_sigmund
D:7:      layout_basic, kennysheep_little_box, serial_shops,
          nicolae_shop_behind_doors, uniq_maggie
D:8:      minmay_the_grid_triangle_9x9_recursive_2
          [minmay_the_grid_triangle_9x9_prize_schism,
          minmay_the_grid_triangle_9x9_windchime,
          minmay_the_grid_triangle_9x9_subtriangle,
          minmay_the_grid_triangle_9x9_fully_insulated_deathbox], layout_rooms,
          mainiacjoe_overflow_concentric_impassable, serial_shops,
          nicolae_shop_waterfront, nicolae_lava_and_water
D:9:      layout_gridville, uniq_psyche
D:10:     layout_loops_corners, orc_david_3, nicolae_shop_fire_sale
          [nicolae_sub_dead_trees]
D:11:     layout_loops_cross, kennysheep_doodads, cheibriados_altar_1
D:12:     layout_stronghold, nicolae_trove_entry_columns, uniq_fannar
D:14:     nicolae_cairo_tiling_large_dashed, layout_gridville,
          kennysheep_cross_bottleneck, corexii_leaking_fountain
D:15:     gammafunk_enter_depths_forms, layout_long_grid, serial_glass,
          glass_columns_b, glass_columns_a, serial_bayou_ford_a,
          minmay_fire_ice_demons
Temple:   bh_familiar_temple
Lair:1:   layout_chaotic_city, gammafunk_ghost_icy
Lair:2:   layout_loops_ring, swamp_mist_pool, dreamdust_deal_with_the_devil,
          beast_lair_carwin_4
Lair:3:   gammafunk_lair_enchanted_lake, layout_gridlike,
          nicolae_spider_entry_non_spiders, ebering_ghost_disaster_area,
          grunt_megastairs_4
Lair:4:   layout_long_grid, lemuel_fruit_tree
Lair:5:   due_jungle_book, layout_misc_corridors,
          minmay_slime_entry_oklob_enclosed, gammafunk_ghost_cemetery

Skill      XL: |  1  2  3  4  5  6  7  8  9 10 11 12 13 14 |
---------------+-------------------------------------------+-----
Maces & Flails | 3 4 5 6 8 9 10 11 12 | 12.0
Fighting       | 4 5 6 7 8 9 10 11 13 | 13.8
Armour         | 4 5 6 7 8 9 10 11 13 | 13.8
Shields        | 4 5 6 7 8 9 10 11 13 | 13.8
Invocations    | 3 5 |  5.0

Action                     |  1- 3 |  4- 6 |  7- 9 | 10-12 | 13-15 || total
---------------------------+-------+-------+-------+-------+-------++-------
  Melee: Flail             |    70 |   190 |   223 |    17 |       ||   500
         Whip              |       |       |     1 |   559 |       ||   560
         Demon whip        |       |       |       |   130 |   848 ||   978
 Invoke: Heroism           |       |       |       |     2 |       ||     2
  Evoke: Wand              |       |       |     6 |    13 |       ||    19
    Use: Scroll            |       |     3 |       |    23 |     6 ||    32
         Potion            |       |       |     3 |     8 |     1 ||    12
   Stab: Paralysed         |       |       |       |    40 |       ||    40
         Sleeping          |       |       |       |       |     2 ||     2
 Armour: Scale mail        |    49 |    92 |     1 |       |       ||   142
         Chain mail        |       |       |   125 |       |       ||   125
         Skin              |       |       |     2 |     5 |       ||     7
         Plate armour      |       |       |     2 |   311 |   324 ||   637
         Shadow dragon sca |       |       |       |       |   116 ||   116
  Dodge: Dodged            |    41 |    87 |    77 |   149 |   199 ||   553
  Block: Buckler           |    19 |    62 |   100 |   169 |   207 ||   557

Table legend: (Time is in decaauts)
 A = Elapsed time spent in this place.
 B = Non-inter-level travel time spent in this place.
 C = Inter-level travel time spent in this place.
 D = Time resting spent in this place.
 E = Time spent auto-exploring this place.
 F = Levels seen in this place.
 G = Mean time per level.
                   A        B        C        D        E       F      G
               +--------+--------+--------+--------+--------+-----+--------+
         Total |  30341 |  29073 |   1268 |   8628 |  16076 |  20 | 1517.1 |
       Dungeon |  19919 |  19057 |    862 |   5675 |  10420 |  14 | 1422.8 |
        Temple |    145 |     97 |     48 |      0 |     93 |   1 |  145.0 |
          Lair |  10276 |   9919 |    357 |   2952 |   5562 |   5 | 2055.2 |
               +--------+--------+--------+--------+--------+-----+--------+

Top non-repeatable levels by time:
     D:7: 3216 daAuts
  Lair:5: 2661 daAuts
     D:3: 2640 daAuts
     D:8: 2509 daAuts
  Lair:2: 2427 daAuts
  Lair:4: 2242 daAuts
     D:6: 1750 daAuts
     D:4: 1697 daAuts
  Lair:1: 1563 daAuts
  Lair:3: 1382 daAuts
     D:9: 1245 daAuts
     D:5: 1244 daAuts
    D:10: 1223 daAuts
    D:15: 1046 daAuts
    D:14: 986 daAuts
